 Dungeon Crawl Stone Soup version 0.28.0-53-g5a82cb258f (webtiles) character file.

Game seed: 14628108090232398381

2768 Peloso the Carver (level 9, 0/81 HPs)
             Began as a Minotaur Fighter on July 12, 2022.
             Was a Priest of Okawaru.
             Slain by a hornet (10 damage)
             ... while paralysed by a hornet
             ... on level 8 of the Dungeon.
             The game lasted 00:12:11 (6794 turns).

Peloso the Carver (Minotaur Fighter)                Turns: 6794, Time: 00:12:12

Health: 0/81       AC: 15    Str: 24    XL:     9   Next: 42%
Magic:  6/8        EV:  2    Int:  5    God:    Okawaru [***...]
Gold:   428        SH:  0    Dex: 11    Spells: 8/8 levels left

rFire   . . .      SeeInvis .   a - +0 long sword
rCold   . . .      Faith    .   c - +0 buckler
rNeg    . . .      Spirit   .   n - +1 chain mail
rPois   .          Reflect  .   (helmet restricted)
rElec   .          Harm     .   (no cloak)
rCorr   .          Rampage  .   (no gloves)
Will    .....                   v - +0 pair of boots
Stlth   ..........              (no amulet)
HPRegen 0.23/turn               (no ring)
MPRegen 0.11/turn               (no ring)

@: paralysed, lethally poisoned (0 -> -27), heroic, slowed
A: horns 2, retaliatory headbutt
a: Renounce Religion, Heroism


You were on level 8 of the Dungeon.
You worshipped Okawaru.
Okawaru was most pleased with you.
You visited 1 branch of the dungeon, and saw 8 of its levels.
You also visited: Sewer.

You collected 456 gold pieces.
You spent 28 gold pieces at shops.

Inventory:

Hand Weapons
 a - a +0 long sword (weapon)
Missiles
 D - 3 throwing nets (quivered)
Armour
 b - a +0 scale mail
 c - a +0 buckler (worn)
 n - a +1 chain mail (worn)
 v - a +0 pair of boots (worn)
Jewellery
 e - a ring of magical power
 m - a ring of protection from fire
 s - a +4 ring of evasion
 C - an amulet of reflection
Wands
 q - a wand of flame (11)
Scrolls
 h - a scroll of enchant armour
 k - 2 scrolls of fear
 o - 2 scrolls of magic mapping {unknown}
 p - a scroll of noise {unknown}
 r - a scroll of amnesia {unknown}
 t - a scroll of blinking
 u - 2 scrolls of enchant weapon {unknown}
 x - 2 scrolls of teleportation {unknown}
 y - a scroll of holy word {unknown}
 A - a scroll of identify
 B - a scroll of fog {unknown}
Potions
 d - 3 potions of might
 f - a potion of magic
 g - 2 potions of brilliance {unknown}
 i - 8 potions of curing
 j - 2 potions of flight {unknown}
 l - a potion of ambrosia {unknown}
 w - a potion of cancellation {unknown}
 z - a potion of lignification {unknown}


   Skills:
 + Level 8.0(13.0) Fighting
 + Level 9.8(14.8) Long Blades
 + Level 9.3(14.3) Armour
 + Level 1.8(6.8) Dodging
 + Level 1.4(6.4) Stealth
 + Level 5.3(10.3) Shields
 + Level 0.2 Invocations


You had 8 spell levels left.
You didn't know any spells.
Your spell library contained the following spells:

 Spells                   Type           Power      Damage    Failure   Level
 Shock                    Conj/Air       0%         1d3       95%         1
 Corpse Rot               Necr/Air       0%         N/A       99%         2
 Ensorcelled Hibernation  Hex/Ice        0%         N/A       99%         2
 Passwall                 Tmut/Erth      0%         N/A       99%         2
 Poisonous Vapours        Pois/Air       0%         N/A       99%         2
 Ignite Poison            Fire/Tmut/Pois 0%         N/A       100%        3
 Mephitic Cloud           Conj/Pois/Air  0%         N/A       100%        3
 Swiftness                Air            0%         N/A       100%        3
 Airstrike                Air            0%         N/A       100%        4
 Freezing Cloud           Conj/Ice/Air   0%         6-21      100%        5


Dungeon Overview and Level Annotations

Branches:
Dungeon (8/15)             Temple (0/1) D:6           Sewer (visited)
   Lair: D:8-11

Altars:
Cheibriados
Dithmenos
Gozag
Okawaru
Wu Jian
Xom
The Shining One

Shops:
D:2 *   D:4 =


Innate Abilities, Weirdness & Mutations

You have a pair of horns on your head.
You reflexively headbutt those who attack you in melee.


Message History

You headbutt the hornet, but do no damage.
You block the hornet's attack.
Unknown command.
You closely miss the hornet.
You feel sick. The hornet stings you.
You shrug off the repeated paralysis!
You block the hornet's attack.
Unknown command.
You barely miss the hornet.
You feel yourself speed up.
You feel sick. You block the hornet's attack.
Unknown command.
You barely miss the hornet.
You feel sick.
The hornet stings you but does no damage.
Unknown command.
You hit the hornet.
The hornet is lightly wounded.
You feel sick.
You are no longer poisoned.
The hornet stings you.
You are poisoned.
You feel yourself slow down. The hornet stings you.
You are more poisoned.
You feel as though you will be slow longer.
You slash the hornet!
The hornet is heavily wounded.
You feel very sick. You block the hornet's attack.
Unknown command.
You miss the hornet.
The hornet is heavily wounded.
You feel very sick. The hornet stings you!
You are more poisoned.
You suddenly lose the ability to move!
The hornet stings you!
* * * LOW HITPOINT WARNING * * *
You are more poisoned.
You feel as though you will be slow longer.
* * * LOW HITPOINT WARNING * * *
You feel extremely sick. The hornet stings you!
You die...

#...###############
######.#........./.....#
.........#############.#
######..## #####...
#..### ......... #....#
######... ##.#.# ##.#
#.#.# #..# #@# # #.##
#y# #. o{. #. ..)$. #.
......# ..#.[...
##.#...... # #.......


You could see a hornet and an orc wizard.

Vanquished Creatures
  Harold (D:7)
  Grinder (D:5)
  4 yaks (D:5)
  A water moccasin (D:6)
  A black bear (D:5)
  A sky beast (D:7)
  2 centaurs
  A phantom (D:6)
  3 bullfrogs
  3 scorpions
  A water moccasin skeleton (D:4)
  A jelly (D:5)
  A hound (D:5)
  A gnoll shaman (D:6)
  An iguana (D:4)
  Jessica (D:3)
  An orc wizard (D:8)
  A howler monkey zombie (D:7)
  8 gnolls
  A howler monkey skeleton (D:6)
  10 adders
  2 shadow imps
  A white imp (D:5)
  A worm (D:6)
  3 orcs
  9 ball pythons
  3 bats
  4 endoplasms
  10 giant cockroaches
  11 goblins
  10 hobgoblins
  6 quokkas
  11 frilled lizards
  12 kobolds
  7 rats
  A butterfly (D:6)
136 creatures vanquished.

Vanquished Creatures (others)
  3 plants
3 creatures vanquished.

Grand Total: 139 creatures vanquished

Notes
Turn   | Place    | Note
-------+----------+-------------------------------------------
     0 | D:1      | Peloso the Minotaur Fighter began the quest for the Orb.
     0 | D:1      | Reached XP level 1. HP: 19/19 MP: 0/0
   183 | D:1      | Found a faded altar of an unknown god.
   349 | D:1      | Reached XP level 2. HP: 27/27 MP: 1/1
   708 | D:2      | Found Pacwiff's General Store.
   720 | D:2      | Reached XP level 3. HP: 9/33 MP: 2/2
  1023 | D:2      | Reached XP level 4. HP: 39/41 MP: 3/3
  1055 | D:2      | Bought a scroll of identify for 28 gold pieces
  1664 | D:3      | Noticed Jessica
  1667 | D:3      | Killed Jessica
  2342 | D:3      | Reached XP level 5. HP: 47/47 MP: 4/4
  2864 | D:4      | Reached skill level 5 in Armour
  2908 | D:4      | Reached skill level 1 in Dodging
  3194 | D:4      | Found an iron altar of Okawaru.
  3245 | D:4      | Became a worshipper of Warmaster Okawaru
  3348 | D:4      | Found Muacuare's Jewellery Shoppe.
  3555 | D:4      | Identified the +5 whip of Owimiara {protect, rC+ Int+3}
  3678 | D:4      | Found a shimmering altar of Xom.
  3680 | D:4      | Found a glowing golden altar of the Shining One.
  3682 | D:4      | Reached XP level 6. HP: 52/55 MP: 5/5
  3740 | D:5      | Entered Level 5 of the Dungeon
  3811 | D:5      | Reached skill level 5 in Fighting
  3811 | D:5      | Reached skill level 5 in Long Blades
  4017 | D:5      | Identified the +1 leather armour of Viny Miracles {*Slow
                  | MP+9 Str+6}
  4101 | D:5      | Noticed a yak
  4111 | D:5      | Killed a yak
  4111 | D:5      | Reached * piety under Okawaru
  4112 | D:5      | Reached XP level 7. HP: 48/61 MP: 6/6
  4181 | D:5      | Noticed a yak
  4181 | D:5      | Noticed a yak
  4202 | D:5      | Killed a yak
  4204 | D:5      | Killed a yak
  4445 | D:5      | Noticed a yak
  4466 | D:5      | Killed a yak
  4558 | D:5      | Reached XP level 8. HP: 68/71 MP: 7/7
  4576 | D:5      | Noticed Grinder
  4592 | D:5      | Killed Grinder
  4809 | D:6      | Found a glowing drain.
  4831 | Sewer    | Entered a sewer
  5082 | Sewer    | Reached ** piety under Okawaru
  5359 | D:6      | Found a shadowy altar of Dithmenos.
  5512 | D:6      | Found a staircase to the Ecumenical Temple.
  5778 | D:6      | Found an ornate altar of the Wu Jian Council.
  5802 | D:6      | Reached skill level 1 in Stealth
  5920 | D:6      | Found a snail-covered altar of Cheibriados.
  6002 | D:6      | Found an opulent altar of Gozag.
  6297 | D:7      | Noticed Harold
  6314 | D:7      | Killed Harold
  6314 | D:7      | Reached *** piety under Okawaru
  6315 | D:7      | Reached skill level 5 in Shields
  6315 | D:7      | Reached XP level 9. HP: 28/81 MP: 8/8
  6784 | D:8      | Paralysed by a hornet for 2 turns
  6793 | D:8      | Paralysed by a hornet for 2 turns
  6794 | D:8      | Slain by a hornet

Illustrated notes

Levels and vault maps discovered:
D:1:      saegor_arrival_simple_a, layout_basic, serial_forest,
          infiniplex_forest_straight_3, infiniplex_forest_straight_2,
          infiniplex_forest_clump_double, infiniplex_forest_clump_diagonal,
          infiniplex_forest_lined_2, chequers_ecumenical_altar_simple
D:2:      layout_loops_cross, serial_shops, nicolae_shop_advertising_works
          [nicolae_subvault_shop_adworks], minmay_pentomino_w2
D:3:      layout_basic, kennysheep_generic_room_14, uniq_jessica
D:4:      corexii_shack_village, layout_rooms, mainiacjoe_overflow_alcove_2,
          chequers_temple_overflow_statue_of_worship, serial_shops, shop_coins,
          dk_rats_in_the_wall
D:5:      layout_loops_ring, uniq_grinder
D:6:      layout_basic, cheibrodos_worm_habitat,
          grunt_dithmenos_smoke_and_mirrors, grunt_gozag_statues,
          pdpol_wu_jian_five_deadly_venoms, minmay_temple_entry_butterflies,
          portal_sewer_entry_f
D:7:      layout_cave_pools, minmay_quadrilaterals, uniq_harold
D:8:      layout_loops_ring, nicolae_ru_awakened_eye, minivault_14, uniq_maggie

Skill      XL: |  1  2  3  4  5  6  7  8  9 |
---------------+----------------------------+-----
Fighting       | 4 5 6 7 8 |  8.0
Long Blades    | 3 4 5 7 9 |  9.8
Armour         | 4 5 6 7 9 |  9.3
Shields        | 4 5 |  5.3
Dodging        | 1 |  1.8
Stealth        | 1 |  1.4
Invocations    | |  0.2

Action                   |  1- 3 |  4- 6 |  7- 9 || total
-------------------------+-------+-------+-------++-------
Melee: Long sword        |    55 |   156 |   209 ||   420
       Headbutt          |     1 |    20 |    34 ||    55
Invok: Heroism           |       |       |     3 ||     3
  Use: Scroll            |     1 |     1 |     3 ||     5
Armor: Scale mail        |    22 |    60 |       ||    82
       Chain mail        |       |    31 |   104 ||   135
Dodge: Dodged            |    42 |    67 |    64 ||   173
Block: Buckler           |    18 |    29 |    46 ||    93
